Map: Frozen Temple

Players

Polt - Winner!

  • Race: Terran Terran

PtitDrogo

  • Race: Protoss Protoss

Event: 2016 WCS Summer Circuit Championship (DH Montreal)

VOD

https://www.youtube.com/watch?v=fYosEfQi2xw

Description

Time

  • Played on: Aug. 13, 2016, 7:45 p.m.
  • Length: 14:05

All games in this series

Show
View Real Time Build Order
Export as new Build Order

Polt Terran - Winner!

Build Orders: Reaper Expand, MMM Bio 

Get SALT Encoding   

  12  0:01  SCV  
  13  0:13  SCV  
  14  0:17  Supply Depot  
  14  0:25  SCV  
  15  0:38  SCV  
  15  0:39  Barracks  
  16  0:43  Refinery  
  16  0:50  SCV  
  17  1:02  SCV  
  18  1:15  SCV  
  19  1:28  Reaper, Orbital Command  
  20  1:47  Command Center  
  20  1:54  SCV  
  21  1:57  Supply Depot  
  21  2:00  Barracks Reactor  
  21  2:06  SCV  
  22  2:10  Barracks  
  22  2:18  SCV  
  22  2:20  Factory  
  23  2:30  SCV  
  23  2:34  Refinery  
  24  2:38  Marine x2  
  24  2:42  SCV  
  27  2:54  SCV  
  27  2:56  Marine x2  
  30  2:59  Orbital Command  
  30  3:04  Starport  
  30  3:06  SCV  
  30  3:08  Widow Mine  
  33  3:13  Barracks Tech Lab  
  33  3:18  Marine x2, SCV  
  36  3:24  SCV  
  37  3:30  SCV  
  38  3:34  Supply Depot  
  38  3:36  SCV  
  39  3:43  SCV  
  39  3:44  Factory Reactor, Medivac  
  39  3:46  Marine x2  
  39  3:47  Marine  
  45  3:48  SCV  
  46  3:56  SCV  
  46  3:57  Stimpack  
  46  3:58  Supply Depot  
  46  4:01  SCV  
  48  4:08  Supply Depot, Marine x3, SCV  
  52  4:18  Engineering Bay, Barracks  
  52  4:21  Bunker  
  52  4:23  SCV x2  
  54  4:31  Medivac x2  
  58  4:35  SCV x2  
  59  4:45  Refinery  
  59  4:46  Missile Turret  
  59  4:47  SCV x2  
  59  4:48  Marine x2  
  59  4:49  Missile Turret  
  59  4:52  Marine  
  63  4:55  Widow Mine  
  63  4:57  Terran Infantry Weapons Level 1  
  66  5:01  Refinery  
  66  5:05  SCV x2  
  68  5:07  Marine x2  
  70  5:43  Command Center  
  70  5:50  Supply Depot  
  70  5:51  Supply Depot  
  70  5:52  Barracks Tech Lab  
  70  5:55  Liberator x2  
  70  5:58  Barracks x2  
  70  6:03  Combat Shields  
  70  6:11  Widow Mine, SCV  
  70  6:12  Marauder, Marine x2, SCV  
  80  6:23  SCV  
  80  6:24  Marauder, SCV  
  81  6:30  Marine x2  
  83  6:34  Marauder  
  83  6:35  SCV  
  83  6:37  Supply Depot  
  83  6:39  Liberator x2, Supply Depot  
  86  6:40  SCV  
  86  6:44  Widow Mine  
  89  6:54  SCV x2  
  91  6:55  Orbital Command  
  91  6:58  Refinery  
  97  7:02  Refinery  
  97  7:05  Barracks Tech Lab, Marauder x2  
  97  7:06  Barracks Reactor  
  101  7:11  Marine x2, SCV  
  101  7:12  SCV  
  105  7:18  Starport  
  105  7:21  Fusion Core  
  103  7:26  SCV x3  
  106  7:31  Liberator x2  
  106  7:34  Supply Depot  
  106  7:36  Supply Depot, Marauder x2  
  110  7:37  Marine  
  110  7:38  Marine  
  110  7:41  Marauder  
  120  7:55  SCV x3  
  122  8:03  Missile Turret  
  122  8:04  Starport Tech Lab  
  121  8:07  SCV x3  
  121  8:11  Marine x4, Marauder x3  
  134  8:13  Supply Depot  
  134  8:14  Supply Depot  
  134  8:16  Liberator  
  134  8:17  Liberator x2  
  134  8:25  SCV  
  134  8:26  SCV x2  
  137  8:32  Supply Depot  
  140  8:34  Supply Depot  
  140  8:36  Advanced Ballistics  
  146  8:45  Marauder x3  
  146  8:48  Marine x4  
  154  9:06  Command Center, Terran Infantry Armor Level 1, Supply Depot  
  154  9:07  Supply Depot  
  154  9:10  Liberator x3  
  154  9:13  Marine x4, Marauder x3  
  171  9:36  Barracks  
  171  9:37  Barracks x2  
  171  9:40  Engineering Bay  
  171  9:42  Armory  
  173  9:45  Marine  
  173  9:46  Marine x3, Marauder x3  
  181  10:03  Starport  
  179  10:11  Medivac x3  
  185  10:23  Command Center  
  185  10:24  Barracks Tech Lab x2, Barracks Reactor  
  181  10:45  Marine x5, Marauder x3  
  181  10:46  Marine  
  193  10:50  Starport Reactor  
  193  10:51  Viking x3  
  193  10:52  Terran Infantry Weapons Level 2  
  193  10:56  Orbital Command  
  198  11:03  Terran Infantry Armor Level 2  
  196  11:08  Terran Ship Weapons Level 1  
  188  11:21  Refinery  
  188  11:22  Refinery  
  186  11:26  Viking  
  186  11:27  Viking x2  
  186  11:30  Viking x2  
  183  11:47  Orbital Command  
  195  12:08  Command Center  
  183  12:11  Sensor Tower  
  160  12:23  Viking x5  
  165  12:36  Liberator x5  
  165  12:54  Ghost Academy  
  180  12:59  Marine x6, Marauder x3  
  180  13:00  Marine x2  
  194  13:10  Command Center  
  194  13:26  Orbital Command  
  194  13:28  Command Center  
Show
View Real Time Build Order
Export as new Build Order

PtitDrogo Protoss 

Build Orders: 1 Gate Expand, Blink Stalkers 

Get SALT Encoding   

  12  0:00  Probe (Chrono Boost)  
  13  0:11  Probe (Chrono Boost)  
  14  0:18  Pylon  
  14  0:22  Probe (Chrono Boost)  
  15  0:36  Probe (Chrono Boost), Gateway  
  16  0:46  Probe (Chrono Boost)  
  16  0:48  Assimilator  
  18  0:57  Probe (Chrono Boost)  
  18  1:07  Probe (Chrono Boost)  
  19  1:19  Nexus  
  19  1:24  Probe (Chrono Boost)  
  20  1:32  Cybernetics Core  
  20  1:36  Probe (Chrono Boost)  
  21  1:40  Assimilator  
  22  1:47  Probe (Chrono Boost)  
  22  1:53  Pylon  
  22  1:58  Probe (Chrono Boost)  
  23  2:12  Mothership Core (Chrono Boost)  
  23  2:14  Adept  
  27  2:23  Warp Gate  
  26  2:30  Probe (Chrono Boost)  
  26  2:36  Probe (Chrono Boost)  
  28  2:40  Probe (Chrono Boost)  
  29  2:46  Probe (Chrono Boost)  
  29  2:49  Robotics Facility  
  31  2:51  Probe (Chrono Boost)  
  31  2:52  Adept  
  31  2:57  Probe (Chrono Boost)  
  34  3:02  Probe (Chrono Boost)  
  34  3:04  Pylon  
  35  3:07  Probe (Chrono Boost)  
  35  3:09  Twilight Council  
  35  3:12  Probe (Chrono Boost)  
  37  3:18  Probe (Chrono Boost)  
  38  3:23  Probe (Chrono Boost)  
  39  3:28  Probe (Chrono Boost)  
  39  3:29  Gateway  
  39  3:33  Gateway  
  41  3:34  Probe (Chrono Boost)  
  41  3:35  Blink  
  41  3:37  Observer  
  41  3:39  Probe (Chrono Boost)  
  43  3:46  Probe (Chrono Boost)  
  44  3:49  Assimilator  
  44  3:50  Probe (Chrono Boost)  
  45  3:58  Probe (Chrono Boost)  
  45  4:00  Probe (Chrono Boost)  
  48  4:03  Observer  
  49  4:10  Probe (Chrono Boost)  
  49  4:14  Nexus  
  49  4:17  Pylon  
  49  4:18  Probe (Chrono Boost)  
  50  4:26  Stalker x2  
  54  4:36  Probe (Chrono Boost)  
  54  4:37  Probe (Chrono Boost)  
  54  4:38  Stalker, Pylon  
  58  4:46  Probe (Chrono Boost)  
  58  4:51  Stalker  
  61  4:54  Pylon  
  61  4:56  Stalker, Immortal  
  67  5:03  Probe (Chrono Boost)  
  67  5:05  Stalker  
  70  5:10  Pylon  
  70  5:12  Probe (Chrono Boost)  
  72  5:14  Stalker  
  72  5:15  Probe (Chrono Boost)  
  74  5:23  Probe (Chrono Boost), Forge  
  74  5:25  Stalker  
  74  5:27  Probe (Chrono Boost)  
  78  5:31  Probe (Chrono Boost)  
  78  5:34  Probe (Chrono Boost)  
  78  5:35  Stalker  
  82  5:37  Sentry  
  82  5:39  Probe (Chrono Boost)  
  82  5:42  Probe (Chrono Boost)  
  85  5:44  Probe (Chrono Boost)  
  85  5:49  Sentry, Immortal  
  89  5:51  Probe (Chrono Boost), Protoss Ground Weapons Level 1  
  89  5:53  Probe (Chrono Boost)  
  89  5:54  Pylon  
  89  5:55  Probe (Chrono Boost)  
  95  6:03  Probe x2 (Chrono Boost)  
  97  6:06  Assimilator  
  97  6:07  Probe (Chrono Boost), Assimilator  
  92  6:26  Probe x2 (Chrono Boost), Warp Prism  
  92  6:28  Pylon  
  92  6:32  Pylon  
  94  6:33  Pylon  
  94  6:34  Probe (Chrono Boost)  
  94  6:35  Assimilator  
  94  6:38  Probe (Chrono Boost), Sentry x2  
  100  6:42  Probe (Chrono Boost)  
  100  6:44  Gateway x2  
  99  6:47  Gateway  
  99  6:50  Gateway  
  98  6:54  Gateway  
  98  6:55  Probe (Chrono Boost)  
  98  6:59  Sentry  
  100  7:01  Adept x2  
  100  7:02  Resonating Glaives  
  100  7:06  Pylon  
  104  7:08  Photon Cannon  
  104  7:10  Photon Cannon  
  104  7:16  Immortal  
  106  7:26  Probe (Chrono Boost)  
  106  7:27  Probe (Chrono Boost)  
  106  7:29  Stargate  
  108  7:31  Adept x3  
  108  7:34  Probe (Chrono Boost)  
  108  7:36  Pylon  
  115  7:43  Robotics Bay  
  115  7:50  Pylon  
  114  7:57  Protoss Ground Armor Level 1  
  113  8:01  Adept x2  
  113  8:02  Adept x5  
  113  8:04  Nexus  
  127  8:06  Pylon  
  127  8:11  Adept  
  127  8:21  Fleet Beacon  
  127  8:26  Disruptor  
  127  8:30  Adept x3  
  127  8:32  Stargate  
  127  8:33  Oracle  
  139  8:36  Probe x2 (Chrono Boost)  
  139  8:38  Assimilator  
  139  8:40  Assimilator  
  141  8:43  Photon Cannon  
  141  8:54  Adept x8  
  155  9:10  Tempest  
  155  9:11  Disruptor  
  158  9:18  Tempest  
  154  9:28  Adept x2  
  154  9:29  Adept x4  
  169  9:32  Probe (Chrono Boost)  
  167  9:48  Tempest  
  169  10:17  Pylon  
  169  10:19  Pylon  
  169  10:21  Pylon  
  169  10:22  Pylon  
  169  10:27  Protoss Ground Armor Level 2  
  169  10:28  Forge  
  169  10:31  Tempest  
  169  10:34  Disruptor, Tempest  
  176  10:56  Probe x2 (Chrono Boost)  
  178  10:58  Adept x5  
  188  11:23  Tempest  
  188  11:25  Adept  
  163  11:48  Pylon  
  163  11:50  Pylon x2  
  163  11:51  Pylon  
  163  11:54  Pylon  
  159  12:00  Colossus  
  159  12:07  Tempest  
  141  12:20  Stalker x7  
  141  12:21  Stalker  
  140  12:32  Nexus  
  140  12:41  Nexus  
  140  12:45  Adept  
  140  12:48  Pylon  
  140  12:49  Pylon  
  142  13:03  Colossus  
  148  13:17  Adept x5  
  158  13:36  Probe x2 (Chrono Boost)  
  156  13:42  Sentry  
  156  13:47  Templar Archives  
  158  13:53  Stalker x4  
Tags
 
Add a new tag
Caveats
  • Supply blocks, unpowered buildings, or Contaminate may cause inaccurate times.
  • Supply counts are checked every 10 seconds.